Map: Usina Ácida LE

Players

IagoAbreu

  • Race: Zerg Zerg
  • League: Silver
  • Spawn Location: 5:00

Grudge - Winner!

  • Race: Terran Terran
  • League: Silver
  • Spawn Location: 11:00

VOD

Have the link to the VOD?

Description

Time

  • Played on: Feb. 23, 2018, 9:40 p.m.
  • Length: 8:54
Show
View Real Time Build Order
Export as new Build Order

IagoAbreu Zerg 

Build Orders: Hatch First 

Get SALT Encoding   

  12  0:31  Hatchery  
  12  0:34  Drone  
  12  0:42  Drone  
  13  0:51  Overlord  
  13  1:05  Drone, Overlord  
  13  1:10  Drone  
  15  1:29  Spawning Pool  
  13  2:04  Drone x3  
  13  2:05  Drone x2  
  18  2:11  Drone  
  19  2:21  Extractor  
  18  2:23  Extractor  
  18  2:28  Drone x2  
  19  2:30  Queen  
  19  2:33  Queen  
  23  2:40  Zergling x8  
  27  3:04  Drone x4  
  31  3:10  Extractor  
  30  3:14  Extractor  
  29  3:27  Zergling x8  
  29  3:34  Lair  
  33  3:40  Metabolic Boost  
  33  3:54  Overlord x2  
  33  3:55  Overlord  
  33  3:56  Overlord  
  33  4:21  Pneumatized Carapace  
  33  4:58  Zergling x2  
  33  4:59  Zergling x12  
  41  5:00  Zergling x6  
  32  5:15  Zergling x4  
  32  5:18  Zergling x2  
  23  5:36  Zergling x6  
  24  5:53  Zergling x2  
  24  6:18  Hatchery  
  23  6:31  Evolution Chamber  
  22  6:38  Drone x3  
  21  7:12  Overseer  
  21  7:22  Zergling x10  
  26  7:27  Burrow  
  27  7:37  Zergling x2  
  27  8:22  Zergling x10  
Show
View Real Time Build Order
Export as new Build Order

Grudge Terran - Winner!

Build Orders:  

Get SALT Encoding   

  12  0:14  SCV  
  12  0:15  Supply Depot  
  13  0:25  Refinery  
  13  0:26  SCV  
  14  0:40  Barracks  
  14  0:44  SCV  
  15  0:56  SCV  
  16  1:00  Supply Depot  
  16  1:08  SCV  
  17  1:24  SCV  
  18  1:34  Barracks Reactor  
  18  1:35  Supply Depot  
  18  1:36  SCV  
  19  1:44  Barracks  
  19  1:48  SCV  
  20  2:00  Factory  
  20  2:07  Refinery  
  20  2:15  Marine x2  
  22  2:30  Barracks Reactor  
  22  2:33  Marine x2  
  22  2:36  Supply Depot  
  24  2:43  Factory Tech Lab  
  24  2:45  SCV  
  25  2:53  Marine  
  25  2:54  Marine  
  25  2:55  Barracks  
  27  2:59  SCV  
  28  3:09  Siege Tank  
  31  3:14  Marine  
  31  3:18  Marine  
  31  3:19  Marine  
  33  3:23  Marine  
  35  3:29  SCV  
  35  3:31  Marine  
  37  3:35  Marine  
  38  3:42  Barracks Tech Lab  
  38  3:54  Engineering Bay  
  38  3:56  Supply Depot  
  38  4:01  Siege Tank  
  41  4:05  Marine  
  41  4:06  Marine  
  43  4:12  Combat Shields  
  43  4:23  Orbital Command  
  43  4:34  Siege Tank  
  46  4:39  Marine  
  46  4:40  Marine  
  43  5:19  Marine x3  
  43  5:20  Marine x2  
  31  5:37  Marine x4  
  31  5:38  Marine  
  32  5:55  Marine x2  
  30  6:09  Command Center  
  28  6:15  Siege Tank  
  31  6:21  Marine  
  31  6:22  Marine  
  31  6:23  Marine x2  
  35  6:38  Factory  
  35  6:41  Marine  
  35  6:43  Marine  
  37  6:47  Siege Tank  
  37  6:48  Marine  
  37  6:49  Marine  
  42  7:09  SCV  
  42  7:14  Marine x2  
  42  7:15  Marine x2  
  47  7:21  SCV  
  48  7:22  Refinery  
  48  7:25  Factory Tech Lab  
  48  7:31  Starport  
  48  7:33  SCV  
  49  7:39  SCV  
  50  7:45  SCV  
  50  7:46  Unknown  
  51  7:51  SCV  
  53  8:05  SCV  
  53  8:06  Marine  
  53  8:07  Marine  
  53  8:08  Siege Tank  
  53  8:11  Marine x2, Missile Turret  
  60  8:17  SCV  
Tags
 
Add a new tag
Caveats
  • Supply blocks, unpowered buildings, or Contaminate may cause inaccurate times.
  • Supply counts are checked every 10 seconds.